MWL (24 & UNDER)
MINNESOTA DEATH STARS @ CINCINNATI PRIDE
07/27/2025
 
TOP OF THE 1ST
Minnesota Death Stars batting - Pitching for Cincinnati Pride : RHP Jesús Andrade
Pitching: RHP Jesús Andrade
Batting: RHB Salvador González 0-0: Foul Ball, location: 2F
0-1: Ball
1-1: Foul Ball, location: 2F
1-2: Ball
2-2: Strikes out looking
Batting: SHB Jason Mason 0-0: Called Strike
0-1: Called Strike
0-2: Strikes out swinging
Batting: SHB Barrett Bowden 0-0: Called Strike
0-1: Called Strike
0-2: Ball
1-2: Strikes out swinging
Top of the 1st over - 0 run(s), 0 hit(s), 0 error(s), 0 left on base; Minnesota 0 - Cincinnati 0
BOTTOM OF THE 1ST
Cincinnati Pride batting - Pitching for Minnesota Death Stars : RHP Dylan Versluis
Pitching: RHP Dylan Versluis
Batting: RHB Juan Martínez 0-0: Called Strike
0-1: Called Strike
Single, Error in OF, E7, batter to second base
Batting: RHB Michael Skinner 0-0: Called Strike
0-1: Ball
Passed Ball!
Juan Martínez to third
1-1: Called Strike
1-2: Foul Ball, location: 2F
1-2: Strikes out looking
Batting: RHB Roberto Chávez 0-0: Swinging Strike
0-1: Foul Ball, location: 2F
0-2: Strikes out swinging
Batting: RHB Norris Howard 0-0: Ball
1-0: Foul Ball, location: 2F
1-1: SINGLE (Groundball, 34S)
Juan Martínez scores
Batting: LHB Marvin Morris 0-0: Ball
1-0: DOUBLE (Line Drive, 7LS)
Norris Howard to third
Batting: LHB Pat White 0-0: Called Strike
0-1: Ball
1-1: Ball
2-1: Foul Ball, location: 2F
2-2: Fly out, F8 (Line Drive, 8RS)
Bottom of the 1st over - 1 run(s), 3 hit(s), 1 error(s), 2 left on base; Minnesota 0 - Cincinnati 1
TOP OF THE 2ND
Minnesota Death Stars batting - Pitching for Cincinnati Pride : RHP Jesús Andrade
Batting: LHB Guy Moss 0-0: Foul Ball, location: 2F
0-1: Fly out, F5 (Popup, 5F)
Batting: RHB Christian Moss 0-0: Ball
1-0: Ball
2-0: SOLO HOME RUN (Flyball, 78XD), Distance : 418 ft
Batting: RHB Vaughan Tillman 0-0: Ball
1-0: Ball
2-0: Ball
3-0: Called Strike
3-1: Foul Ball, location: 2F
3-2: Strikes out looking
Batting: RHB Sean King 0-0: Fly out, F6 (Popup, 6)
Top of the 2nd over - 1 run(s), 1 hit(s), 0 error(s), 0 left on base; Minnesota 1 - Cincinnati 1
BOTTOM OF THE 2ND
Cincinnati Pride batting - Pitching for Minnesota Death Stars : RHP Dylan Versluis
Batting: RHB Álex Hernández 0-0: Called Strike
0-1: SINGLE (Line Drive, 6D)
Batting: RHB Wilson Flores 0-0: Ball
1-0: Foul Ball, location: 2F
1-1: Swinging Strike
1-2: Strikes out swinging
Batting: RHB Bartolo Montero 0-0: Ball
1-0: SINGLE (Line Drive, 7LM)
Álex Hernández to second
Batting: RHB Juan Martínez 0-0: Foul Ball, location: 2F
0-1: Swinging Strike
0-2: Strikes out swinging
Batting: RHB Michael Skinner 0-0: Ball
1-0: Called Strike
1-1: Called Strike
1-2: SINGLE (Line Drive, 7S)
Álex Hernández to third
Bartolo Montero to second
Batting: RHB Roberto Chávez 0-0: Swinging Strike
0-1: Called Strike
0-2: Strikes out swinging
Bottom of the 2nd over - 0 run(s), 3 hit(s), 0 error(s), 3 left on base; Minnesota 1 - Cincinnati 1
TOP OF THE 3RD
Minnesota Death Stars batting - Pitching for Cincinnati Pride : RHP Jesús Andrade
Batting: RHB Abraham Hardy 0-0: Foul Ball, location: 2F
0-1: Ball
1-1: Ball
2-1: Swinging Strike
2-2: Strikes out swinging
Batting: RHB Bryan MacGuffie 0-0: Ground out 5-3 (Groundball, 5L)
Batting: RHB Salvador González 0-0: Swinging Strike
0-1: Swinging Strike
0-2: Ball
1-2: Foul Ball, location: 2F
1-2: Strikes out swinging
Top of the 3rd over - 0 run(s), 0 hit(s), 0 error(s), 0 left on base; Minnesota 1 - Cincinnati 1
BOTTOM OF THE 3RD
Cincinnati Pride batting - Pitching for Minnesota Death Stars : RHP Dylan Versluis
Batting: RHB Norris Howard 0-0: Swinging Strike
0-1: Foul Ball, location: 2F
0-2: Ball
1-2: Ball
2-2: Strikes out swinging
Batting: LHB Marvin Morris 0-0: Called Strike
0-1: Ball
1-1: Ball
2-1: Fly out, F8 (Flyball, 8LD)
Batting: LHB Pat White 0-0: SINGLE (Flyball, 78S)
Batting: RHB Álex Hernández 0-0: Called Strike
0-1: Ball
1-1: Foul Ball, location: 2F
1-2: Ball
2-2: Strikes out swinging
Bottom of the 3rd over - 0 run(s), 1 hit(s), 0 error(s), 1 left on base; Minnesota 1 - Cincinnati 1
TOP OF THE 4TH
Minnesota Death Stars batting - Pitching for Cincinnati Pride : RHP Jesús Andrade
Batting: SHB Jason Mason 0-0: Bunt missed!
0-1: Foul Ball, location: 2F
0-2: Ball
1-2: Ground out 4-3 (Groundball, 4)
Batting: SHB Barrett Bowden 0-0: Ball
Reached via error on a dropped throw, E1
Batting: LHB Guy Moss 0-0: Called Strike
0-1: Ball
1-1: Foul Ball, location: 2F
1-2: Strikes out looking
Batting: RHB Christian Moss 0-0: Ball
Barrett Bowden steals 2nd base
1-0: Foul Ball, location: 2F
1-1: Ball
2-1: Swinging Strike
2-2: Ball
3-2: Base on Balls
Batting: RHB Vaughan Tillman 0-0: Ball
1-0: Foul Ball, location: 2F
1-1: Foul Ball, location: 2F
1-2: Strikes out swinging
Top of the 4th over - 0 run(s), 0 hit(s), 1 error(s), 2 left on base; Minnesota 1 - Cincinnati 1
BOTTOM OF THE 4TH
Cincinnati Pride batting - Pitching for Minnesota Death Stars : RHP Dylan Versluis
Batting: RHB Wilson Flores 0-0: Ball
1-0: Ground out 6-3 (Groundball, 6M)
Batting: RHB Bartolo Montero 0-0: Ball
1-0: Ground out 1-3 (Groundball, 15)
Batting: RHB Juan Martínez 0-0: Fly out, F7 (Line Drive, 78M)
Bottom of the 4th over - 0 run(s), 0 hit(s), 0 error(s), 0 left on base; Minnesota 1 - Cincinnati 1
TOP OF THE 5TH
Minnesota Death Stars batting - Pitching for Cincinnati Pride : RHP Jesús Andrade
Batting: RHB Sean King 0-0: Called Strike
0-1: Foul Ball, location: 2F
0-2: Ball
1-2: Ball
2-2: Ground out 1-3 (Groundball, 13)
Batting: RHB Abraham Hardy 0-0: Fly out, F7 (Popup, 78S)
Batting: RHB Bryan MacGuffie 0-0: Ball
1-0: Ground out 4-3 (Groundball, 4)
Top of the 5th over - 0 run(s), 0 hit(s), 0 error(s), 0 left on base; Minnesota 1 - Cincinnati 1
BOTTOM OF THE 5TH
Cincinnati Pride batting - Pitching for Minnesota Death Stars : RHP Dylan Versluis
Batting: RHB Michael Skinner 0-0: Called Strike
0-1: Ground out 6-3 (Groundball, 6)
Batting: RHB Roberto Chávez 0-0: Ball
1-0: Ball
2-0: Ball
3-0: Called Strike
3-1: Base on Balls
Batting: RHB Norris Howard 0-0: Ball
1-0: Ball
Roberto Chávez steals 2nd base
2-0: Fly out, F8 (Flyball, 8LM)
Batting: LHB Marvin Morris 0-0: Ball
1-0: Ball
2-0: Ball
3-0: Called Strike
3-1: Base on Balls
Batting: LHB Pat White 0-0: Ball
1-0: TRIPLE (Flyball, 8RM)
Roberto Chávez scores
Marvin Morris scores
Batting: RHB Álex Hernández 0-0: Ball
1-0: Called Strike
1-1: Ball
2-1: Ball
3-1: Called Strike
3-2: Foul Ball, location: 2F
3-2: Strikes out looking
Bottom of the 5th over - 2 run(s), 1 hit(s), 0 error(s), 1 left on base; Minnesota 1 - Cincinnati 3
TOP OF THE 6TH
Minnesota Death Stars batting - Pitching for Cincinnati Pride : RHP Jesús Andrade
Batting: RHB Salvador González 0-0: Swinging Strike
0-1: Ball
1-1: Foul Ball, location: 2F
1-2: Strikes out looking
Batting: SHB Jason Mason 0-0: Called Strike
0-1: Called Strike
0-2: Strikes out swinging
Batting: SHB Barrett Bowden 0-0: Ball
1-0: Foul Ball, location: 2F
1-1: Called Strike
1-2: Strikes out swinging
Top of the 6th over - 0 run(s), 0 hit(s), 0 error(s), 0 left on base; Minnesota 1 - Cincinnati 3
BOTTOM OF THE 6TH
Cincinnati Pride batting - Pitching for Minnesota Death Stars : RHP Dylan Versluis
Batting: RHB Wilson Flores 0-0: Foul Ball, location: 2F
0-1: Ball
1-1: Foul Ball, location: 2F
1-2: Foul Ball, location: 2F
1-2: Ball
2-2: Foul Ball, location: 2F
2-2: Foul Ball, location: 2F
2-2: Ball
3-2: Base on Balls
Batting: RHB Bartolo Montero 0-0: Ball
1-0: Swinging Strike
1-1: Foul Ball, location: 2F
1-2: Strikes out swinging
Batting: RHB Juan Martínez 0-0: Ball
1-0: Called Strike
1-1: Ball
2-1: Foul Ball, location: 2F
2-2: Strikes out looking
Batting: RHB Michael Skinner 0-0: Ball
1-0: Ball
2-0: Ball
3-0: Called Strike
3-1: Foul Ball, location: 2F
3-2: Fly out, F7 (Flyball, 7M)
Bottom of the 6th over - 0 run(s), 0 hit(s), 0 error(s), 1 left on base; Minnesota 1 - Cincinnati 3
TOP OF THE 7TH
Minnesota Death Stars batting - Pitching for Cincinnati Pride : RHP Jesús Andrade
Batting: LHB Guy Moss 0-0: Ball
1-0: Ball
2-0: Called Strike
2-1: Ground out 4-3 (Groundball, 4)
Batting: RHB Christian Moss 0-0: Swinging Strike
0-1: Foul Ball, location: 2F
0-2: Ball
1-2: Foul Ball, location: 2F
1-2: Strikes out swinging
Batting: RHB Vaughan Tillman 0-0: Foul Ball, location: 2F
0-1: Ball
1-1: Fly out, F7 (Flyball, 78M)
Top of the 7th over - 0 run(s), 0 hit(s), 0 error(s), 0 left on base; Minnesota 1 - Cincinnati 3
BOTTOM OF THE 7TH
Cincinnati Pride batting - Pitching for Minnesota Death Stars : RHP Dylan Versluis
Batting: RHB Roberto Chávez 0-0: Foul Ball, location: 2F
0-1: Foul Ball, location: 2F
0-2: Ball
1-2: Fly out, F7 (Flyball, 78XD)
Batting: RHB Norris Howard 0-0: Ball
1-0: Fly out, F9 (Flyball, 89D)
Batting: LHB Marvin Morris 0-0: Fly out, F8 (Flyball, 8RS)
Bottom of the 7th over - 0 run(s), 0 hit(s), 0 error(s), 0 left on base; Minnesota 1 - Cincinnati 3
TOP OF THE 8TH
Minnesota Death Stars batting - Pitching for Cincinnati Pride : RHP Jesús Andrade
Pitching: RHP Rusty van Rhee
Batting: RHB Sean King 0-0: Called Strike
0-1: Swinging Strike
0-2: Ball
1-2: Strikes out swinging
Batting: RHB Abraham Hardy 0-0: Called Strike
0-1: Ball
1-1: Ball
2-1: Foul Ball, location: 2F
2-2: Strikes out looking
Batting: RHB Bryan MacGuffie 0-0: Ball
1-0: Fly out, F6 (Popup, 6)
Top of the 8th over - 0 run(s), 0 hit(s), 0 error(s), 0 left on base; Minnesota 1 - Cincinnati 3
BOTTOM OF THE 8TH
Cincinnati Pride batting - Pitching for Minnesota Death Stars : RHP Dylan Versluis
Batting: LHB Pat White 0-0: Swinging Strike
0-1: Foul Ball, location: 2F
0-2: Strikes out swinging
Batting: RHB Álex Hernández 0-0: Called Strike
0-1: Ball
1-1: Ball
2-1: Ball
3-1: DOUBLE (Flyball, 78D)
Batting: RHB Wilson Flores 0-0: Intentional Walk
Batting: RHB Bartolo Montero 0-0: Ball
1-0: Called Strike
1-1: Ball
2-1: Ball
3-1: Foul Ball, location: 2F
3-2: Base on Balls
Álex Hernández to third
Wilson Flores to second
Batting: RHB Juan Martínez 0-0: Swinging Strike
0-1: Ball
1-1: Foul Ball, location: 2F
1-2: Ball
2-2: Fly out, F7 (Flyball, 7M)
Runner from 3rd tags up, SCORES, throw made
Pitching: LHP Will Chapman
Batting: RHB Michael Skinner 0-0: Fly out, F9 (Line Drive, 9D)
Bottom of the 8th over - 1 run(s), 1 hit(s), 0 error(s), 2 left on base; Minnesota 1 - Cincinnati 4
TOP OF THE 9TH
Minnesota Death Stars batting - Pitching for Cincinnati Pride : RHP Rusty van Rhee
Pitching: RHP Fernando Silva
Batting: RHB Salvador González 0-0: Called Strike
0-1: Ball
1-1: Ball
2-1: Ball
3-1: Base on Balls
Batting: SHB Jason Mason 0-0: Ball
1-0: Ball
2-0: Ball
3-0: Called Strike
3-1: Base on Balls
Salvador González to second
Batting: SHB Barrett Bowden 0-0: Called Strike
0-1: Called Strike
0-2: Ball
1-2: Foul Ball, location: 2F
1-2: Foul Ball, location: 2F
1-2: Foul Ball, location: 2F
1-2: Ball
2-2: Ball
3-2: Base on Balls
Salvador González to third
Jason Mason to second
Batting: LHB Guy Moss 0-0: Called Strike
0-1: SINGLE (Flyball, 8LS)
Salvador González scores
Jason Mason to third
Barrett Bowden to second
Runner from 3rd tries for Home, SAFE, no throw or cutoff
Batting: RHB Christian Moss 0-0: Ball
1-0: DOUBLE (Line Drive, 5L)
Barrett Bowden scores
Guy Moss to third
Batting: RHB Vaughan Tillman 0-0: Intentional Walk
Pinch Hitting: RHB Vincent Braun 0-0: Foul Ball, location: 2F
0-1: Ball
1-1: Called Strike
1-2: SINGLE (Groundball, 56D)
Guy Moss scores
Christian Moss to third
Vaughan Tillman to second
Pitching: RHP Pedro Francisco
Pinch Hitting: RHB Donato Gozende 0-0: Called Strike
0-1: Ball
1-1: Ball
2-1: Fly out, F9 (Flyball, 89M)
Pinch Hitting: LHB Sergio Luna 0-0: Ball
1-0: Foul Ball, location: 2F
1-1: Foul Ball, location: 2F
1-2: Ball
2-2: SINGLE (Flyball, 7LS)
Christian Moss scores
Vaughan Tillman to third
Vincent Braun to second
Batting: RHB Salvador González 0-0: Ball
1-0: Called Strike
1-1: Ball
2-1: Foul Ball, location: 2F
2-2: Foul Ball, location: 2F
2-2: Ball
3-2: Base on Balls
Vaughan Tillman scores
Vincent Braun to third
Sergio Luna to second
Pinch Hitting: RHB Alfredo Villegas 0-0: Ball
1-0: Ball
2-0: Foul Ball, location: 2F
2-1: Grounds into fielders choice 1-2 (Groundball, 23)
Sergio Luna to third
Salvador González to second
Batting: SHB Barrett Bowden 0-0: Ball
1-0: Ball
2-0: Foul Ball, location: 2F
2-1: Ball
3-1: Base on Balls
Sergio Luna scores
Salvador González to third
Alfredo Villegas to second
Batting: LHB Guy Moss 0-0: Called Strike
0-1: Ball
1-1: DOUBLE (Line Drive, 8LXD)
Salvador González scores
Alfredo Villegas scores
Barrett Bowden to third
Runner from 3rd tries for Home, throw and OUT!
Top of the 9th over - 9 run(s), 5 hit(s), 0 error(s), 1 left on base; Minnesota 10 - Cincinnati 4
BOTTOM OF THE 9TH
Cincinnati Pride batting - Pitching for Minnesota Death Stars : LHP Will Chapman
Now at 1B: Vincent Braun
Now at 3B: Domingo Pérez
Now at SS: Alfredo Villegas
Now in RF: Donato Gozende
Batting: RHB Roberto Chávez 0-0: SOLO HOME RUN (Flyball, 7D), Distance : 388 ft
Batting: RHB Norris Howard 0-0: Called Strike
0-1: Foul Ball, location: 2F
0-2: SINGLE (Line Drive, 4M)
Batting: LHB Marvin Morris 0-0: Called Strike
0-1: Foul Ball, location: 2F
0-2: Ball
1-2: Ball
2-2: Ball
3-2: Base on Balls
Norris Howard to second
Pitching: LHP Mike O'Brien
Batting: LHB Pat White 0-0: Called Strike
0-1: Called Strike
0-2: Ball
1-2: Ball
2-2: Ball
3-2: Base on Balls
Norris Howard to third
Marvin Morris to second
Pitching: RHP Jerry Catron
Batting: RHB Álex Hernández 0-0: Called Strike
0-1: Foul Ball, location: 2F
0-2: Fly out, F9 (Line Drive, 89S)
Batting: RHB Wilson Flores 0-0: Called Strike
0-1: Ball
1-1: Swinging Strike
1-2: Strikes out looking
Batting: RHB Bartolo Montero 0-0: Fly out, F7 (Popup, 6D)
Bottom of the 9th over - 1 run(s), 2 hit(s), 0 error(s), 3 left on base; Minnesota 10 - Cincinnati 5
This league is powered by Out of the Park Baseball, the baseball management simulation game for PC, Mac and Linux
Tuesday, August 2nd, 2016 - OOTP Baseball 16.8 Build 38